 Dungeon Crawl Stone Soup version 0.17.0-24-gcfadda4 (webtiles) character file.

49 oplop the Insei (level 3, -1/24 HPs)
             Began as an Octopode Transmuter on Nov 15, 2015.
             Slain by a gnoll
             ... wielding a +0 halberd
              (8 damage)
             ... on level 2 of the Dungeon.
             The game lasted 00:02:12 (1516 turns).

oplop the Insei (Octopode Transmuter)               Turns: 1516, Time: 00:02:13

Health: -1/24      AC:  1    Str: 10    XL:     3   Next: 75%
Magic:  6/7        EV: 12    Int: 15    God:
Gold:   78         SH:  0    Dex: 12    Spells: 2 memorised, 4 levels left

rFire  . . .     SeeInvis .       - Unarmed
rCold  . . .     Clarity  .     (no shield)
rNeg   . . .     SustAt   +     (helmet restricted)
rPois  .         Gourm    .     (no amulet)
rElec  .         Spirit   .     g - ring of sustain attributes
rCorr  .         Warding  .     (no ring)
rMut   .         Stasis   .     (no ring)
MR     .....                    (no ring)
Stlth  ++........               (no ring)
                                (no ring)
                                (no ring)
                                (no ring)

@: appendage, not resistant to hostile enchantments, unstealthy
A: almost no armour, amphibious, 8 rings, constrict 8, tentacle spike 3,
camouflage 1, gelatinous body 1
a: End Transformation


You were on level 2 of the Dungeon.
You were not hungry.
One of your tentacles had a temporary spike.
You visited 1 branch of the dungeon, and saw 2 of its levels.

You collected 78 gold pieces.

Inventory:

Missiles
 a - 58 arrows
Jewellery
 g - a ring of sustain attributes (left tentacle)
Scrolls
 d - 3 scrolls of amnesia {unknown}
 e - a scroll of magic mapping {unknown}
 h - a scroll of recharging {unknown}
 j - a scroll of fear {unknown}
 l - a scroll of blinking {unknown}
Potions
 f - 2 potions of curing {unknown}
 i - a potion of invisibility {unknown}
 k - a potion of agility {unknown}
 n - a potion of resistance {unknown}
Books
 b - a book of Changes

   Spells                             Type                      Level
   a - Beastly Appendage              Transmutation                1
   b - Sticks to Snakes               Transmutation                2
   c - Spider Form                    Transmutation/Poison         3
   d - Ice Form                       Ice/Transmutation            4
   e - Blade Hands                    Transmutation                5
Comestibles
 c - 2 bread rations


   Skills:
 + Level 2.2 Fighting
 - Level 2.0 Dodging
 - Level 3.0 Unarmed Combat
 + Level 2.6 Spellcasting
 + Level 2.6 Transmutations


You had 4 spell levels left.
You knew the following spells:

 Your Spells              Type           Power        Failure   Level  Hunger
a - Beastly Appendage     Trmt           ##....       10%         1    #......
b - Sticks to Snakes      Trmt           ##........   12%         2    ##.....


Dungeon Overview and Level Annotations

Branches:
Dungeon (2/15)

Altars:


Innate Abilities, Weirdness & Mutations

You cannot wear most types of armour.
You are amphibious.
You can wear up to eight rings at the same time.
You can use your tentacles to constrict eight enemies at once.
Your skin changes colour to match your surroundings (Stealth).
Your rubbery body absorbs attacks (AC +1).
One of your tentacles bears a large vicious spike.


Message History

A gnoll is nearby!
A gnoll is nearby!
Casting: Beastly Appendage
Confirm with . or Enter, or press ? or * to list all spells.
One of your tentacles grows a vicious spike.
The gnoll shouts!
You hear a shout!
The gnoll barely misses you.
You barely miss the gnoll. Your grab misses the gnoll.
The gnoll hits you from afar with a spear.
You tentacle-slap the gnoll. You grab the gnoll.
The gnoll is moderately wounded.
You constrict the gnoll, but do no damage.
The gnoll hits you with a halberd!
Ouch! That really hurt!
The gnoll hits you from afar with a spear.
* * * LOW HITPOINT WARNING * * *
You release your grip on the gnoll.
Unknown command.
The gnoll hits you from afar with a halberd!
You die...

##.## ##.#.##
######.###.##
.........##.####
######.#.#.###.##
##.....>.#.##
##.###.###.######## ##
####.## ##........
.####### ##.###@########
.......######.#.##
..............g#########
.)# #.######.........#
..##### #...######.#
g...... #.#.# #.#
...#### #...# #.#
...####. ...## #.#
........ ###. #.###


You could see a gnoll.

Vanquished Creatures
  An ooze (D:1)
  A worm (D:2)
  A giant gecko (D:2)
  7 bats
  6 giant cockroaches
  4 hobgoblins
  4 kobolds (D:1)
  A ball python (D:1)
  6 giant newts
  8 goblins
39 creatures vanquished.

Notes
Turn   | Place    | Note
--------------------------------------------------------------
     0 | D:1      | oplop the Octopode Transmuter began the quest for the Orb.
     0 | D:1      | Reached XP level 1. HP: 13/13 MP: 3/3
   296 | D:1      | Reached XP level 2. HP: 13/18 MP: 3/5
   556 | D:1      | Reached XP level 3. HP: 22/24 MP: 4/6
  1184 | D:2      | Learned a level 2 spell: Sticks to Snakes
  1516 | D:2      | Slain by a gnoll

Action                   || total
-------------------------++-------
Melee: Unarmed           ||    84
 Cast: Beastly Appendage ||    24
       Sticks to Snakes  ||     2
 Stab: Sleeping          ||     9
  Eat: Meat ration       ||     1
